 Dungeon Crawl Stone Soup version 0.24.0-123-gd5b16e6ec5 (webtiles) character file.

Game seed: 14160675966175879887, levelgen mode: deterministic

39 Bluestream the Covered (level 3, -1/33 HPs)
             Began as a Minotaur Fighter on Feb 4, 2020.
             Slain by an adder (4 damage)
             ... on level 2 of the Dungeon.
             The game lasted 00:01:25 (950 turns).

Bluestream the Covered (Minotaur Fighter)            Turns: 950, Time: 00:01:25

Health: -1/33      AC:  7    Str: 21    XL:     3   Next: 28%
Magic:  2/2        EV:  7    Int:  5    God:
Gold:   11         SH:  9    Dex:  9    Spells: 2/2 levels left

rFire    . . .     SeeInvis .   a - +0 war axe
rCold    . . .     Gourm    .   c - +0 shield
rNeg     . . .     Faith    .   b - +0 scale mail
rPois    .         Spirit   .   (helmet restricted)
rElec    .         Reflect  .   (no cloak)
rCorr    .         Harm     .   (no gloves)
MR       .....     Rnd*Tele +   (no boots)
Stlth    ..........             (no amulet)
HPRegen  0.11/turn              h - ring of flight
MPRegen  0.08/turn              e - ring of teleportation (curse)

@: lethally poisoned (-1 -> -4)
A: retaliatory headbutt, horns 2
a: Evoke Flight


You were on level 2 of the Dungeon.
You were not hungry.

You visited 1 branch of the dungeon, and saw 2 of its levels.

You collected 11 gold pieces.

Inventory:

Hand Weapons
 a - a +0 war axe (weapon)
Armour
 b - a +0 scale mail (worn)
 c - a +0 shield (worn)
Jewellery
 e - a cursed ring of teleportation (right hand)
 h - a ring of flight (left hand)
Potions
 d - a potion of might
Comestibles
 f - 2 rations


   Skills:
 + Level 4.1 Fighting
 + Level 3.0 Axes
 + Level 4.1 Armour
 + Level 4.1 Shields


You had 2 spell levels left.
You didn't know any spells.
Your spell library was empty.

Dungeon Overview and Level Annotations

Branches:
Dungeon (2/15)

Altars:


Innate Abilities, Weirdness & Mutations

You reflexively headbutt those who attack you in melee.
You have a pair of horns on your head.


Message History

The adder bites you.
* * * LOW HITPOINT WARNING * * *
The adder bites you.
* * * LOW HITPOINT WARNING * * *
You barely miss the adder.
The adder is lightly wounded.
* * * LOW HITPOINT WARNING * * *
You feel sick. You block the adder's attack.
You hit the adder but do no damage.
The adder is lightly wounded.
You block the adder's attack. x2
You miss the adder. Your headbutt misses the adder.
The adder is lightly wounded.
* * * LOW HITPOINT WARNING * * *
You feel sick.
The adder bites you but does no damage. x2
Your shield prevents you from hitting the adder.
Your headbutt misses the adder.
The adder is lightly wounded.
The adder bites you.
You die...

#.##.# .. ....# #.#.##.#
#.. ...# #.#†##.# #..
#... ...# #.#.##.# #..
#... ..#.#.#.##.# #..
#.... ..#.#.#.##.# #.#
#.... #.#.#.#.##.#####.#
......#S#.#.#...........
....#.#@#.#.###........#
........#.#............#
#...#...#.####........##
.#
.......)..((..(.####....
.# ........#.#######
#.##. .# ........#...
..# . .## ....#.###.....
.... .. ...... ...(....
...## $# ##..#. #.######


You could see an adder.

Vanquished Creatures
  An adder (D:2)
  A worm (D:2)
  2 giant cockroaches
  A goblin (D:1)
  5 hobgoblins
  3 jackals (D:1)
  3 frilled lizards
  9 kobolds
  2 rats
27 creatures vanquished.

Notes
Turn   | Place    | Note
-------+----------+-------------------------------------------
     0 | D:1      | Bluestream the Minotaur Fighter began the quest for the
                  | Orb.
     0 | D:1      | Reached XP level 1. HP: 19/19 MP: 0/0
   386 | D:1      | Reached XP level 2. HP: 27/27 MP: 1/1
   925 | D:2      | Reached XP level 3. HP: 24/33 MP: 2/2
   950 | D:2      | Slain by an adder

Levels and vault maps discovered:
D:1:      nicolae_arrival_memento_mori, layout_basic, serial_aquarium,
          aquarium_bridge_square [aquarium_subvault_window,
          aquarium_subvault_bridge, aquarium_subvault_bridge,
          aquarium_subvault_wall], aquarium_bridge_straight
          [aquarium_subvault_bridge, aquarium_subvault_balcony,
          aquarium_subvault_bridge, aquarium_subvault_wall],
          aquarium_window_corridor_3, aquarium_window_2, aquarium_window_fake,
          aquarium_view_2a
D:2:      layout_basic, first_ration, st_stairs_2

Skill      XL: |  1  2 |
---------------+-------+-----
Armour         | 4 |  4.1
Fighting       | 4 |  4.1
Shields        | 4 |  4.1
Axes           | 3 |  3.0

Action                   || total
-------------------------++-------
Melee: War axe           ||    88
       Headbutt          ||    10
  Use: Scroll            ||     2
Armor: Scale mail        ||    27
Dodge: Dodged            ||    22
Block: Shield            ||    52
